 Dungeon Crawl Stone Soup version 0.24-a0-361-g57161393b2 (webtiles) character file.

Game seed: 4521104786226173866

18351 theanonym the Destroyer (level 12, -22/84 HPs)
             Began as an Octopode Wizard on May 26, 2019.
             Was a Believer of Vehumet.
             Killed from afar by Josephine (28 damage)
             ... with a ghostly fireball
             ... on level 11 of the Dungeon.
             The game lasted 00:49:58 (19469 turns).

theanonym the Destroyer (Octopode Wizard)          Turns: 19469, Time: 00:49:58

Health: -22/84     AC:  2    Str:  7    XL:     12   Next: 57%
Magic:  1/23       EV: 21    Int: 25    God:    Vehumet [**....]
Gold:   560        SH:  0    Dex: 20    Spells: 8/26 levels left

rFire    . . .     SeeInvis .   a - +5 dagger (venom)
rCold    + . .     Gourm    .   (no shield)
rNeg     . . .     Faith    .   h - +1 hat
rPois    .         Spirit   .   l - amulet of the acrobat
rElec    .         Reflect  .   p - +5 ring of dexterity
rCorr    .         Harm     .   u - ring of flight
MR       .....                  J - ring of protection from cold
Stlth    +++++.....             (no ring)
HPRegen  1.24/turn              (no ring)
MPRegen  0.18/turn              (no ring)
                                (no ring)
                                (no ring)

@: agile, regenerating (expiring), slowed, heavily drained, very slow
A: almost no armour, stealthy swim, amphibious, 8 rings, constrict 8, camouflage
1, gelatinous body 1
a: Renounce Religion, Evoke Flight


Innate Abilities, Weirdness & Mutations

You cannot wear most types of armour.
You are very stealthy in the water. (Stealth+)
You are amphibious.
You can wear up to eight rings at the same time.
You can use your tentacles to constrict eight enemies at once.
Your skin changes colour to match your surroundings (Stealth+).
Your rubbery body absorbs attacks. (AC +1, EV +1)


   Skills:
 + Level 8.3(6.3) Fighting
 - Level 6.3(4.4) Dodging
 - Level 5.0(3.1) Stealth
 + Level 7.9(5.9) Spellcasting
 + Level 9.8(7.7) Conjurations
 - Level 4.0(2.2) Charms
 - Level 1.8(0.1) Summonings
 - Level 4.0(2.2) Necromancy
 - Level 2.0(0.4) Translocations
 + Level 0.7(0.0) Transmutations
 + Level 9.2(7.2) Fire Magic
 - Level 3.0(1.2) Air Magic
 - Level 3.0(1.2) Poison Magic


You had 8 spell levels left.
You knew the following spells:

 Your Spells              Type           Power        Failure   Level  Hunger
a - Throw Flame           Conj/Fire      #####.       1%          2    None
b - Call Imp              Summ           #.......     11%         2    None
c - Conjure Flame         Conj/Fire      #####...     1%          3    #......
d - Mephitic Cloud        Conj/Pois/Air  ###.....     5%          3    #......
e - Ignite Poison         Fire/Tmut/Pois ###.....     7%          3    #......
l - Blink                 Tloc           N/A          10%         2    None
r - Regeneration          Chrm/Necr      ###.......   9%          3    #......

Your spell library contained the following spells:

 Spells                   Type           Power        Failure   Level  Hunger
 Magic Dart               Conj           ####         1%          1    None
 Throw Frost              Conj/Ice       ####..       2%          2    None
 Animate Skeleton         Necr           N/A          3%          1    None
 Pain                     Necr           ###.         3%          1    None
 Freeze                   Ice            #...         8%          1    None
 Vampiric Draining        Necr           ###.......   9%          3    #......
 Slow                     Hex            #.......     12%         2    None
 Ozocubu's Armour         Chrm/Ice       ##......     14%         3    #......
 Throw Icicle             Conj/Ice       ####....     16%         4    ###....
 Animate Dead             Necr           N/A          30%         4    ###....
 Summon Ice Beast         Ice/Summ       #.......     58%         4    ###....

Skill      XL: |  1  2  3  4  5  6  7  8  9 10 11 12 |
---------------+-------------------------------------+-----
Conjurations   | 2 3 4 5 6 7 9 |  9.8
Fire Magic     | 1 2 5 6 8 9 |  9.2
Translocations | 2 |  2.0
Spellcasting   | 4 5 6 7 |  7.9
Air Magic      | 1 2 3 |  3.0
Poison Magic   | 1 2 3 |  3.0
Dodging        | 3 5 6 |  6.3
Stealth        | 3 5 |  5.0
Charms         | 2 3 4 |  4.0
Necromancy     | 2 3 4 |  4.0
Fighting       | 4 7 8 |  8.3
Summonings     | |  1.8
Transmutations | |  0.7

Action                   |  1- 3 |  4- 6 |  7- 9 | 10-12 || total
-------------------------+-------+-------+-------+-------++-------
Melee: Unarmed           |    11 |       |       |       ||    11
       Constrict         |     9 |    20 |    26 |    38 ||    93
       Dagger            |    28 |    88 |    96 |   232 ||   444
       Tentacles         |     5 |     9 |    23 |    53 ||    90
Throw: Throwing net      |       |     1 |       |       ||     1
 Cast: Magic Dart        |    58 |    60 |   243 |    89 ||   450
       Call Imp          |       |     9 |     7 |    11 ||    27
       Conjure Flame     |       |     2 |     4 |     4 ||    10
       Mephitic Cloud    |       |     1 |    13 |    39 ||    53
       Throw Flame       |       |       |       |   257 ||   257
       Regeneration      |       |       |       |    28 ||    28
       Blink             |       |       |       |     7 ||     7
       Ignite Poison     |       |       |       |     2 ||     2
Evoke: Wand              |       |       |       |     8 ||     8
  Use: Scroll            |       |     7 |     7 |    12 ||    26
       Potion            |       |       |       |     2 ||     2
 Stab: Sleeping          |     6 |     6 |     5 |     3 ||    20
       Confused          |       |       |     4 |    11 ||    15
  Eat: Chunk             |     1 |     7 |    13 |    15 ||    36
       Ration            |       |     1 |     2 |     4 ||     7
Armor: Skin              |       |     6 |     8 |    10 ||    24
Dodge: Dodged            |    23 |    58 |    72 |   198 ||   351

Inventory:

Hand Weapons
 a - a +5 dagger of venom (weapon)
Armour
 h - a +1 hat (worn)
 x - a +0 large shield
Magical Staves
 C - an uncursed staff of summoning
Jewellery
 l - an amulet of the acrobat (around mantle)
 p - a +5 ring of dexterity (left tentacle)
 u - a ring of flight (right tentacle)
 B - an uncursed ring of ice
 J - a ring of protection from cold (on tentacle)
Wands
 c - a wand of clouds (6)
 s - a wand of random effects (12)
 v - a wand of acid (5)
 z - a wand of enslavement (14)
 E - a wand of polymorph (11)
 H - a wand of paralysis (6)
 I - a wand of iceblast (7)
Scrolls
 f - 4 scrolls of fog
 n - a scroll of remove curse
 r - a scroll of identify
 t - 6 scrolls of teleportation {!r}
 y - a scroll of magic mapping
 D - 3 scrolls of amnesia
 G - 2 scrolls of immolation
Potions
 b - 3 potions of haste {unknown}
 d - a potion of might {unknown}
 g - 2 potions of heal wounds {unknown}
 i - 2 potions of ambrosia
 j - 4 potions of agility
 k - 4 potions of flight
 m - 4 potions of lignification
 o - 5 potions of degeneration
 q - 2 potions of invisibility {unknown}
 w - 6 potions of curing
 A - a potion of magic {unknown}
 F - 5 potions of brilliance
Comestibles
 e - 16 rations
 K - 8 chunks of flesh


You were on level 11 of the Dungeon.
You worshipped Vehumet.
Vehumet was pleased with you.
You were not hungry.

You visited 2 branches of the dungeon, and saw 12 of its levels.

You collected 560 gold pieces.

Dungeon Overview and Level Annotations

Branches:
Dungeon (11/15)            Temple (1/1) D:5            Lair (0/6) D:11
    Orc: D:9-12

Altars:
Ashenzari
Cheibriados
Dithmenos
Elyvilon
Fedhas
Gozag
Hepliaklqana
Kikubaaqudgha
Makhleb
Nemelex Xobeh
Okawaru
Qazlal
Ru
Sif Muna
Trog
Uskayaw
Vehumet
Wu Jian
Xom
Yredelemnul
Zin
The Shining One

Shops:
D:8 :

Annotations:
D:5 3 runed translucent doors, Borgoz's ghost, novice HOFi; RexLacerta's ghost, amateur HaHu; no0bjke's ghost, amateur GrFi
D:6 1 runed translucent door, MisterFreud's ghost, novice OpTm
D:9 5 runed translucent doors, exclusion: 2 oklob plants
D:11 Josephine

#...........###..##..# ..
#..######...# ##..####
#..##.......# #...#.###
#..##.##....# #.......##
#..##.##....# #.#.....(.
#.....##...)# #.#...####
####.##..##...÷# #....>#
#........##....# ###.#.# #
###..###...@W..# #.#.# #. #..#
####.@W.######.#.# #.
########..######..W.§...##.#.###.
...............#.#'####)##.#.....
##############.#.#.# #.##.######
...........# #.#.#.####.##.#
.....#####.# #.#...#...<...#
####.# #.###.#####.####### #.#
#.....#...#.#


You could see Josephine and 3 wraiths.

Notes
Turn   | Place    | Note
-------+----------+-------------------------------------------
     0 | D:1      | theanonym the Octopode Wizard began the quest for the Orb.
     0 | D:1      | Reached XP level 1. HP: 11/11 MP: 4/4
   162 | D:1      | HP: 3/11 [leopard gecko (3)]
   404 | D:1      | Reached XP level 2. HP: 17/17 MP: 3/6
   452 | D:1      | Learned a level 2 spell: Blink
   455 | D:1      | Learned a level 2 spell: Call Imp
   903 | D:1      | You fall into a shaft and drop 1 floor!
   925 | D:2      | Reached XP level 3. HP: 20/21 MP: 2/7
   978 | D:2      | Learned a level 3 spell: Conjure Flame
  1087 | D:2      | Reached skill level 2 in Conjurations
  1383 | D:2      | Reached XP level 4. HP: 16/27 MP: 0/9
  1387 | D:2      | HP: 12/27 [jackal (3)]
  1395 | D:2      | HP: 11/27 [jackal (1)]
  1835 | D:2      | HP: 13/27 [leopard gecko (1)]
  1988 | D:2      | Reached skill level 1 in Fire Magic
  2552 | D:3      | Reached skill level 2 in Translocations
  2552 | D:3      | Reached XP level 5. HP: 28/31 MP: 5/10
  3129 | D:4      | HP: 15/31 [adder (2)]
  3134 | D:4      | HP: 13/31 [poisoned by a worker ant]
  3142 | D:4      | HP: 12/31 [poisoned by a worker ant]
  3314 | D:4      | Learned a level 3 spell: Mephitic Cloud
  3345 | D:4      | HP: 8/31 [orc priest/nerve-wracking pain (13)]
  3597 | D:4      | Noticed Blork the orc
  3610 | D:4      | Killed Blork the orc
  3610 | D:4      | Reached skill level 4 in Spellcasting
  3610 | D:4      | Reached skill level 3 in Conjurations
  3610 | D:4      | Reached skill level 1 in Air Magic
  3610 | D:4      | Reached skill level 1 in Poison Magic
  3610 | D:4      | Reached XP level 6. HP: 20/36 MP: 2/12
  3611 | D:4      | HP: 11/36 [worm (9)]
  3932 | D:4      | Reached skill level 2 in Poison Magic
  4183 | D:4      | Noticed a phantom
  4196 | D:4      | HP: 18/36 [phantom (2)]
  4202 | D:4      | HP: 12/36 [phantom (7)]
  4222 | D:4      | Killed a phantom
  4222 | D:4      | Reached skill level 2 in Air Magic
  4222 | D:4      | Reached XP level 7. HP: 13/41 MP: 0/13
  4850 | D:4      | Reached skill level 3 in Poison Magic
  4969 | D:4      | Reached skill level 3 in Dodging
  5150 | D:4      | Reached skill level 4 in Conjurations
  5153 | D:4      | Reached skill level 3 in Air Magic
  5259 | D:5      | Entered Level 5 of the Dungeon
  5277 | D:5      | Reached skill level 3 in Stealth
  5450 | D:5      | Reached XP level 8. HP: 40/46 MP: 9/14
  5496 | D:5      | Found a snail-covered altar of Cheibriados.
  5667 | D:5      | Found an ornate altar of the Wu Jian Council.
  5668 | D:5      | Noticed Menkaure
  5882 | D:5      | Found a shimmering altar of Xom.
  6041 | D:5      | Reached skill level 4 in Dodging
  6075 | D:5      | Found a staircase to the Ecumenical Temple.
  6084 | Temple   | Entered the Ecumenical Temple
  6356 | Temple   | Became a worshipper of Vehumet
  6455 | D:5      | Reached skill level 4 in Stealth
  6518 | D:5      | Found a runed translucent gate.
  6525 | D:5      | Found a runed translucent gate.
  6526 | D:5      | Found a runed translucent gate.
  6527 | D:5      | Noticed RexLacerta's ghost (amateur HaHu)
  6573 | D:5      | Noticed no0bjke's ghost (amateur GrFi)
  6573 | D:5      | Noticed Borgoz's ghost (novice HOFi)
  6990 | D:6      | Reached skill level 5 in Spellcasting
  7011 | D:5      | HP: 14/46 [??? (11)]
  7012 | D:5      | Killed Menkaure
  7012 | D:5      | Reached skill level 5 in Conjurations
  7233 | D:5      | Reached skill level 5 in Stealth
  7847 | D:6      | Reached skill level 5 in Dodging
  7912 | D:6      | Noticed MisterFreud's ghost (novice OpTm)
  7915 | D:6      | Found a runed translucent door.
  8064 | D:6      | Reached skill level 2 in Fire Magic
  8152 | D:6      | Reached XP level 9. HP: 46/51 MP: 12/17
  8399 | D:6      | Found a sacrificial altar of Ru.
  8525 | D:6      | Reached skill level 3 in Fire Magic
  9125 | D:7      | Reached skill level 6 in Conjurations
  9133 | D:7      | Reached skill level 4 in Fire Magic
  9149 | D:7      | Reached skill level 6 in Spellcasting
  9390 | D:7      | Reached skill level 5 in Fire Magic
  9421 | D:7      | Reached * piety under Vehumet
  9421 | D:7      | Offered knowledge of Shock by Vehumet.
  9451 | D:7      | Learned a level 3 spell: Regeneration
  9591 | D:7      | Reached skill level 1 in Charms
  9591 | D:7      | Reached skill level 1 in Necromancy
  9913 | D:7      | Found a faded altar of an unknown god.
  9913 | D:7      | Found a burning altar of Makhleb.
  9918 | D:7      | Found a hide-covered altar of Uskayaw.
  9920 | D:7      | Found a shadowy altar of Dithmenos.
  9921 | D:7      | Found a faded altar of an unknown god.
  9953 | D:7      | Reached skill level 2 in Charms
  9953 | D:7      | Reached skill level 2 in Necromancy
 10585 | D:8      | Reached XP level 10. HP: 48/57 MP: 12/19
 10654 | D:8      | Found Rytuvag's Book Emporium.
 10703 | D:8      | Reached skill level 1 in Fighting
 10995 | D:8      | Noticed Pikel
 11086 | D:8      | Reached skill level 3 in Charms
 11320 | D:8      | Reached skill level 3 in Necromancy
 11488 | D:8      | HP: 27/59 [Pikel/+2 whip of flaming (6)]
 11491 | D:8      | Killed Pikel
 11491 | D:8      | Reached skill level 2 in Fighting
 12350 | D:9      | Reached skill level 7 in Spellcasting
 12459 | D:9      | Reached skill level 3 in Fighting
 12476 | D:9      | HP: 31/63 [wight/cursed +3 dagger (6)]
 12483 | D:9      | HP: 23/63 [crimson imp (4)]
 12595 | D:9      | Noticed a two-headed ogre
 12616 | D:9      | Killed a two-headed ogre
 12616 | D:9      | Offered knowledge of Throw Flame by Vehumet.
 12616 | D:9      | Reached skill level 6 in Dodging
 12621 | D:9      | Learned a level 2 spell: Throw Flame
 12869 | D:9      | Reached skill level 4 in Fighting
 12928 | D:9      | Found a blossoming altar of Fedhas.
 12931 | D:9      | Noticed an oklob plant
 12931 | D:9      | Noticed an oklob plant
 13369 | D:9      | Reached ** piety under Vehumet
 13616 | D:9      | Found a runed translucent gate.
 13619 | D:9      | Found a runed translucent gate.
 13619 | D:9      | Found a runed translucent gate.
 13621 | D:9      | Found a runed translucent door.
 13621 | D:9      | Found a runed translucent door.
 13640 | D:9      | Found the +9 staff of Olgreb {rPois}
 13948 | D:9      | HP: 32/65 [troll (4)]
 13952 | D:9      | Reached skill level 6 in Fire Magic
 14234 | D:10     | Entered Level 10 of the Dungeon
 14241 | D:10     | Reached skill level 7 in Conjurations
 14249 | D:10     | Noticed a two-headed ogre
 14256 | D:9      | Reached XP level 11. HP: 55/70 MP: 6/22
 14348 | D:10     | Noticed a two-headed ogre
 14357 | D:10     | Killed a two-headed ogre
 14357 | D:10     | Reached skill level 5 in Fighting
 14357 | D:10     | Killed a two-headed ogre
 14720 | D:10     | Reached skill level 7 in Fire Magic
 15266 | D:11     | Noticed Erica
 15275 | D:10     | HP: 34/72 [yak (12)]
 15277 | D:10     | Reached skill level 8 in Conjurations
 15280 | D:10     | HP: 32/72 [poisoned by Erica (bolt of poison)]
 15285 | D:10     | HP: 30/72 [poisoned by Erica (bolt of poison)]
 15291 | D:10     | HP: 29/72 [poisoned by Erica (bolt of poison)]
 15299 | D:10     | HP: 29/72 [poisoned by Erica (bolt of poison)]
 15452 | D:11     | Noticed a purple ugly thing
 15464 | D:11     | Killed a purple ugly thing
 15464 | D:11     | Reached skill level 6 in Fighting
 15694 | D:11     | HP: 26/72 [yak (15)]
 16038 | D:11     | Noticed Urug
 16067 | D:11     | HP: 25/73 [Urug/+4 war axe of pain (26)]
 16072 | D:11     | HP: 5/73 [Urug/javelin (19)]
 16290 | D:11     | Killed Urug
 16555 | D:11     | Noticed a two-headed ogre
 16566 | D:11     | Killed a two-headed ogre
 16712 | D:11     | Reached skill level 8 in Fire Magic
 16881 | D:11     | Noticed Snorg
 16885 | D:11     | Noticed Josephine
 16929 | D:11     | Killed Snorg
 16929 | D:11     | Reached skill level 7 in Fighting
 17054 | D:11     | Noticed Fannar
 17067 | D:11     | HP: 33/75 [centaur warrior zombie (6)]
 17170 | D:11     | Killed Fannar
 17170 | D:11     | Reached skill level 9 in Conjurations
 17170 | D:11     | Reached XP level 12. HP: 64/81 MP: 8/23
 17396 | D:11     | Reached skill level 4 in Necromancy
 17530 | D:11     | Reached skill level 4 in Charms
 17686 | D:11     | HP: 33/81 [hell rat (11)]
 17908 | D:11     | Paralysed by Erica for 6 turns
 17927 | D:11     | Killed Erica
 18123 | D:11     | Found a staircase to the Lair.
 18125 | D:11     | Noticed a death yak
 18179 | D:11     | Noticed a death yak
 18181 | D:11     | Noticed a death yak
 18231 | D:11     | Killed a death yak
 18255 | D:11     | HP: 41/82 [death yak (7)]
 18260 | D:11     | HP: 20/82 [death yak (27)]
 18284 | D:11     | HP: 3/82 [death yak (24)]
 18656 | D:11     | Killed a death yak
 18656 | D:11     | Reached skill level 8 in Fighting
 18661 | D:11     | Killed a death yak
 18661 | D:11     | Reached skill level 9 in Fire Magic
 19160 | D:11     | Offered knowledge of Ignite Poison by Vehumet.
 19165 | D:11     | Learned a level 3 spell: Ignite Poison
 19467 | D:11     | HP: 36/84 [wraith[Josephine] (10)]
 19467 | D:11     | HP: 8/84 [Josephine/ghostly fireball (28)]
 19469 | D:11     | Killed from afar by Josephine

Vanquished Creatures
  Snorg (D:11)
  Fannar (D:11)
  4 two-headed ogres
  Erica (D:11)
  3 death yaks (D:11)
  Urug (D:11)
  Pikel (D:8)
  2 ugly things (D:11)
  A centaur zombie (D:11)
  A cyclops (D:11)
  2 gargoyles (D:11)
  3 kobold demonologists (D:11)
  A troll (D:9)
  12 yaks
  A human (D:7)
  4 hogs (D:7)
  A wyvern (D:11)
  2 wraiths (D:11)
  Menkaure (D:5)
  A soldier ant (D:9)
  A porcupine (D:11)
  2 ice beasts
  A slave (D:8)
  3 sky beasts
  4 orc warriors
  2 phantoms (D:10)
  5 centaurs
  6 ogres
  3 big kobolds (D:11)
  Blork the orc (D:4)
  5 bullfrogs
  2 scorpions
  6 killer bees (D:9)
  5 wights (D:9)
  8 howler monkeys
  3 crimson imps
  4 hounds
  A bullfrog skeleton (D:9)
  8 orc priests
  2 centaur skeletons
  8 orc wizards
  2 iguanas
  14 worker ants
  3 hell rats (D:11)
  2 worker ant zombies
  A gnoll (D:5)
  A river rat (D:11)
  11 adders
  4 shadow imps
  2 adder zombies
  3 worms
  4 dart slugs
  7 leopard geckos
  26 orcs
  4 giant cockroaches
  6 goblins
  8 hobgoblins
  11 jackals
  7 kobolds
  A quokka (D:11)
  2 ball pythons
  10 bats
  9 frilled lizards
  A giant cockroach zombie (D:5)
  A leopard gecko skeleton (D:4)
  A leopard gecko zombie (D:7)
  11 rats
276 creatures vanquished.

Vanquished Creatures (collateral kills)
  A sky beast (D:8)
  A phantom (D:4)
  3 wights (D:9)
  A quasit (D:8)
  A jelly (D:8)
  4 orcs
  A bat (D:3)
12 creatures vanquished.

Grand Total: 288 creatures vanquished

Table legend:
 A = Turns spent in this place as a percentage of turns spent in the entire game.
 B = Non-inter-level travel turns spent in this place as a percentage of non-inter-level travel turns spent in the entire game.
 C = Inter-level travel turns spent in this place as a percentage of turns spent in this place.
 D = Turns resting spent in this place as a percentage of non-inter-level travel turns spent in this place.
 E = Turns spent auto-exploring this place as a percentage of non-inter-level travel turns spent in this place.
 F = Non-inter-level travel turns spent in this place divided by the number of levels of this place that you've seen.
                   A       B       C       D       E      F
               +-------+-------+-------+-------+-------+----------------------
         Total | 100.0 | 100.0 |   3.5 |  49.8 |  35.3 | 1565.9
       Dungeon |  98.2 |  98.9 |   2.8 |  50.3 |  34.6 | 1690.2
        Temple |   1.8 |   1.1 |  43.0 |   0.0 |  97.0 | 199.0
               +-------+-------+-------+-------+-------+----------------------
